 Dungeon Crawl Stone Soup version 0.22.0-75-g3901e79 (webtiles) character file.

106 whitewolfNL the Firebug (level 4, -4/26 HPs)
             Began as a Gargoyle Fire Elementalist on Sept 11, 2018.
             Killed from afar by Natasha (9 damage)
             ... with a magic dart
             ... on level 2 of the Dungeon.
             The game lasted 00:31:25 (4142 turns).

whitewolfNL the Firebug (GrFE)                      Turns: 4142, Time: 00:31:25

Health: -4/26      AC:  8    Str: 11    XL:     4   Next: 84%
Magic:  8/8        EV: 10    Int: 17    God:
Gold:   59         SH:  0    Dex: 10    Spells: 5/8 levels left

rFire    . . .     SeeInvis .   l - -3 club (curse)
rCold    . . .     Gourm    .   (no shield)
rNeg     + . .     Faith    .   s - +0 ring mail
rPois    ∞         Spirit   .   (no helmet)
rElec    +         Reflect  .   (no cloak)
rCorr    .         Harm     .   (no gloves)
MR       .....                  (no boots)
Stlth    +.........             (no amulet)
HPRegen  0.08/turn              (no ring)
MPRegen  0.11/turn              (no ring)

@: no status effects
A: negative energy resistance 1, electricity resistance, unbreathing,
petrification resistance, rot immunity, AC +3
a: no special abilities


You were on level 2 of the Dungeon.
You were not hungry.

You visited 1 branch of the dungeon, and saw 3 of its levels.

You collected 59 gold pieces.

Inventory:

Hand Weapons
 e - a +1 mace
 i - a +0 short sword
 j - a +0 dagger
 k - a +0 dagger
 l - a cursed -3 club (weapon)
 m - a +0 dagger
 n - a +0 hunting sling
 t - a +0 quarterstaff
Missiles
 d - 102 stones (quivered)
 g - 17 bolts
 o - 19 arrows
 r - 19 sling bullets
Armour
 a - a +1 robe
 s - a +0 ring mail (worn)
Wands
 p - a wand of iceblast (6)
Scrolls
 f - 2 scrolls of enchant weapon
 w - a scroll of identify
Potions
 u - a potion of resistance {unknown}
Comestibles
 c - 2 rations


   Skills:
 * Level 1.6 Fighting
 + Level 0.4 Maces & Flails
 + Level 0.3 Armour
 + Level 1.7 Dodging
 + Level 2.4 Stealth
 + Level 2.6 Spellcasting
 + Level 2.0 Conjurations
 + Level 3.9 Fire Magic


You had 5 spell levels left.
You knew the following spells:

 Your Spells              Type           Power        Failure   Level  Hunger
a - Flame Tongue          Conj/Fire      ##...        13%         1    #......
b - Throw Flame           Conj/Fire      ##....       21%         2    ##.....

Your spell library contained the following spells:

 Spells                   Type           Power        Failure   Level  Hunger
 Conjure Flame            Conj/Fire      ##......     36%         3    ###....
 Inner Flame              Hex/Fire       #.......     52%         3    ###....
 Sticky Flame             Conj/Fire      ##......     78%         4    #####..
 Fireball                 Conj/Fire      ##........   98%         5    ######.


Dungeon Overview and Level Annotations

Branches:
Dungeon (3/15)

Altars:
Uskayaw

Annotations:
D:2 Natasha


Innate Abilities, Weirdness & Mutations

You are resistant to torment.
Your stone body is resilient. (AC +3)
You are immune to poison.
You resist negative energy. (rN+)
You are resistant to electric shocks. (rElec)
You can survive without breathing.
You are immune to petrification.
You are immune to rotting.


Message History

Natasha mumbles some strange words.
Natasha shimmers violently.
Natasha casts a spell at you. You resist with some effort.
Natasha casts a spell.
You feel a little less agile now. The white imp gestures at you.
The puff of frost hits you!
* * * LOW HITPOINT WARNING * * *
The crimson imp blinks!
Natasha casts a spell at you. The magic dart hits you!
Natasha casts a spell.
Natasha extends her claws.
The crimson imp blinks!
Natasha claws you but does no damage.
The crimson imp disappears in a puff of smoke!
Natasha stares at you and mumbles some strange words.
The magic dart hits you!
You die...

#.....##.# #. #....###.# #.
#.#.####.# #. ##......#.# #.
##.#.##.#.# #. ##.#.##.#.# #.
...h.##.#.############# ##.
##.#.##§......h.......###### ##)#
##.#.####.......@..........###.##
##.#.# #############.####....#..
.....# #.# #####..#
.....######### #.# ##..
###..........# #.# ###.
#..#######.# #.# #... ###..# #.#
#.# #.#. .....# #.# #.# #.#.
....## #.# ######.## #.#.


You could see Natasha.

Vanquished Creatures
  5 adders
  2 oozes (D:1)
  A worm (D:2)
  4 leopard geckos
  A ball python (D:2)
  7 bats
  2 giant cockroaches
  5 goblins
  6 hobgoblins
  4 kobolds
  A quokka (D:2)
  2 frilled lizards (D:2)
  6 rats
46 creatures vanquished.

Notes
Turn   | Place    | Note
-------+----------+-------------------------------------------
     0 | D:1      | whitewolfNL the Gargoyle Fire Elementalist began the quest
                  | for the Orb.
     0 | D:1      | Reached XP level 1. HP: 10/10 MP: 3/3
   471 | D:1      | Reached XP level 2. HP: 15/15 MP: 1/5
   477 | D:1      | Learned a level 2 spell: Throw Flame
  1262 | D:1      | Reached XP level 3. HP: 20/20 MP: 0/6
  1267 | D:1      | Learned a level 3 spell: Conjure Flame
  1844 | D:2      | Reached skill level 1 in Fighting
  2091 | D:2      | Found a hide-covered altar of Uskayaw.
  2393 | D:2      | Reached XP level 4. HP: 25/25 MP: 4/7
  4022 | D:3      | Noticed Natasha
  4142 | D:2      | Killed from afar by Natasha

Skill      XL: |  1  2  3  4 |
---------------+-------------+-----
Fighting       | 1 |  1.6
Conjurations   | 2 |  2.0
Maces & Flails | |  0.4
Armour         | |  0.3
Dodging        | |  1.7
Stealth        | |  2.4
Spellcasting   | |  2.6
Fire Magic     | |  3.9

Action                   |  1- 3 |  4- 6 || total
-------------------------+-------+-------++-------
Melee: Unarmed           |     9 |       ||     9
       Mace              |     5 |       ||     5
       Club              |    25 |    31 ||    56
 Cast: Flame Tongue      |    35 |    28 ||    63
       Throw Flame       |    13 |    17 ||    30
Evoke: Wand              |       |     1 ||     1
  Use: Scroll            |     5 |     1 ||     6
       Potion            |       |     4 ||     4
  Eat: Chunk             |     3 |     2 ||     5
       Ration            |     1 |     2 ||     3
Armor: Robe              |    37 |     1 ||    38
       Ring mail         |       |    32 ||    32
Dodge: Dodged            |    61 |    47 ||   108
